 Dungeon Crawl Stone Soup version 0.30.0-29-ga12c61a403 (webtiles) character file.

Game seed: 2027696126208907356

130 Bnni the Digger (level 5, 0/37 HPs)
             Began as a Formicid Earth Elementalist on June 23, 2023.
             Was an Initiate of Cheibriados.
             Slain by an orc wizard
             ... wielding a +2 dagger of protection
              (1 damage)
             ... on level 4 of the Dungeon.
             The game lasted 00:05:43 (2356 turns).

Bnni the Digger (Formicid Earth Elementalist)       Turns: 2356, Time: 00:05:44

Health: 0/37       AC:  4    Str: 13    XL:     5   Next: 36%
Magic:  2/8        EV: 12    Int: 24    God:    Cheibriados [......]
Gold:   95         SH:  0    Dex: 15    Spells: 3/9 levels left

rFire   + + .        x - +0 trident
rCold   + . .        (no shield)
rNeg    . . .        D - +0 robe {rF+}
rPois   +            (helmet unavailable)
rElec   +            (no cloak)
rCorr   +            y - +0 pair of gloves
SInv    +            m - +0 pair of boots
Will    .....        (no amulet)
Stlth   ++           w - +6 ring of intelligence
HPRegen 0.26/turn    (no ring)
MPRegen 0.11/turn

%: no passive effects
@: resistant, flying, very slow
A: permanent stasis, dig shafts and tunnels, antennae 3, four strong arms,
inability to read after injury 1
a: Dig, Shaft Self, Renounce Religion


You were on level 4 of the Dungeon.
You worshipped Cheibriados.
Cheibriados was noncommittal.
You visited 2 branches of the dungeon, and saw 5 of its levels.

You collected 95 gold pieces.

Inventory:

Hand Weapons
 x - a +0 trident (weapon)
Missiles
 k - a throwing net
 z - 3 poisoned darts
 B - 6 curare-tipped darts
Armour
 d - a +0 ring mail
 m - a +0 pair of boots (worn)
 n - a +0 leather armour
 r - a +0 chain mail
 y - a +0 pair of gloves (worn)
 D - a +0 robe of fire resistance (worn)
Jewellery
 c - a ring of fire
 j - a ring of ice
 w - a +6 ring of intelligence (left hand)
Scrolls
 e - a scroll of amnesia {unknown}
 g - a scroll of enchant armour {unknown}
 h - a scroll of acquirement {unknown}
 p - a scroll of blinking {unknown}
 s - a scroll of enchant weapon {unknown}
 t - 2 scrolls of identify {unknown}
 u - a scroll of immolation {unknown}
Potions
 b - a potion of magic
 f - 2 potions of haste
 i - a potion of attraction {unknown}
 l - a potion of cancellation {unknown}
 v - a potion of lignification {unknown}
 C - a potion of curing {unknown}


   Skills:
 + Level 1.5 Fighting
 - Level 1.7 Dodging
 - Level 2.4 Stealth
 + Level 2.6 Spellcasting
 * Level 1.9 Conjurations
 * Level 2.7 Transmutations
 * Level 4.6 Earth Magic
 * Level 0.0 Invocations


You had 3 spell levels left.
You knew the following spells:

 Your Spells              Type           Power      Damage    Failure   Level
a - Sandblast             Erth           50%        2d12      1%          1
b - Passwall              Tmut/Erth      16%        N/A       3%          2
c - Stone Arrow           Conj/Erth      36%        3d9       9%          3

Your spell library contained the following spells:

 Spells                   Type           Power      Damage    Failure   Level
 Petrify                  Tmut/Erth      20%        N/A       24%         4


Dungeon Overview and Level Annotations

Branches:
Dungeon (4/15)             Temple (1/1) D:4

Altars:
Ashenzari
Cheibriados
Dithmenos
Gozag
Hepliaklqana
Kikubaaqudgha
Makhleb
Okawaru
Uskayaw
Vehumet
Wu Jian
Xom


Innate Abilities, Weirdness & Mutations

You cannot be hasted, slowed, berserked, paralysed or teleported.
You can dig through walls and to a lower floor.
You have a pair of large antennae on your head. (SInv)
Your four strong arms can wield two-handed weapons with a shield.
You occasionally lose the ability to read scrolls when taking damage.


Message History

You hit the orc wizard but do no damage.
The orc wizard is heavily wounded.
The orc wizard hits you with a +2 dagger of protection.
* * * LOW HITPOINT WARNING * * *
The orc wizard closely misses you. The orc hits you with a +0 club.
* * * LOW HITPOINT WARNING * * *
Unknown command.
It was a potion of resistance.
You feel protected.
You feel less confused. The orc wizard barely misses you.
The orc closely misses you. The orc wizard barely misses you.
Unknown command.
Aiming: Sandblast (safe; 1% risk of failure)
Press: ? - help, Q - select action, (/) - cycle Shift-Dir - straight line, f/p - orc wizard
Aim: an orc wizard, wielding a +2 dagger of protection and wearing a +0 robe (heavily wounded, 79% to hit)
The blast of sand misses the orc wizard.
The orc wizard hits you but does no damage.
The orc wizard hits you with a +2 dagger of protection.
* * * LOW HITPOINT WARNING * * *
The orc hits you but does no damage.
Aiming: Sandblast (safe; 1% risk of failure)
Press: ? - help, Q - select action, (/) - cycle Shift-Dir - straight line, f/p - orc wizard
Aim: an orc wizard, wielding a +2 dagger of protection and wearing a +0 robe (heavily wounded, 79% to hit)
The blast of sand hits the orc wizard but does no damage.
The orc wizard is heavily wounded.
The orc wizard hits you but does no damage.
The orc wizard casts a spell.
The orc wizard flickers and vanishes for a moment.
The orc hits you with a +0 club.
* * * LOW HITPOINT WARNING * * *
The orc misses you. The orc wizard barely misses you. x2
It was a potion of mutation.
You feel extremely strange.
You occasionally lose the ability to read scrolls when taking damage.
The orc wizard misses you. The orc wizard barely misses you.
The orc barely misses you.
It was a potion of flight.
You feel very buoyant.
You fly up into the air.
The orc misses you. The orc wizard closely misses you.
The orc wizard hits you with a +2 dagger of protection.
You die...

#...##..........#
#..............####
#.......................
..............##..#...=.
.....######.......#.....
##### #.....##....#
###.........#.
###......... #@o........
##oo..##... #.)..).....#
#.#.##...##. #.#..
.##... .#.).# . #.
#...##. .# ...# .. .
...# ## ##


You could see 2 orc wizards and an orc.

Vanquished Creatures
  5 adders
  A worm (D:2)
  5 orcs
  7 ball pythons
  5 bats
  5 endoplasms
  A giant cockroach (D:1)
  5 goblins
  9 hobgoblins
  10 jackals
  A quokka (D:3)
  5 frilled lizards
  7 kobolds
  5 rats
71 creatures vanquished.

Notes
Turn   | Place    | Note
-------+----------+-------------------------------------------
     0 | D:1      | Bnni the Formicid Earth Elementalist began the quest for
                  | the Orb.
     0 | D:1      | Reached XP level 1. HP: 13/13 MP: 3/3
   129 | D:1      | Reached XP level 2. HP: 19/19 MP: 0/5
   306 | D:1      | Learned a level 2 spell: Passwall
   410 | D:1      | Found a faded altar of an unknown god.
   454 | D:1      | Reached XP level 3. HP: 25/25 MP: 3/6
   537 | D:1      | Reached skill level 4 in Earth Magic
   825 | D:2      | Reached skill level 1 in Conjurations
  1099 | D:2      | Reached XP level 4. HP: 31/31 MP: 5/7
  1170 | D:2      | Reached skill level 1 in Fighting
  1670 | D:3      | Reached XP level 5. HP: 37/37 MP: 6/8
  1702 | D:3      | Learned a level 3 spell: Stone Arrow
  2242 | D:4      | Found a staircase to the Ecumenical Temple.
  2253 | Temple   | Entered the Ecumenical Temple
  2286 | Temple   | Became a worshipper of Cheibriados the Contemplative
  2354 | D:4      | HP: 1/37 [orc/+0 club (3)]
  2355 | D:4      | Gained mutation: You occasionally lose the ability to read
                  | scrolls when taking damage. [potion of mutation]
  2356 | D:4      | Slain by an orc wizard

Illustrated notes

Levels and vault maps discovered:
D:1:      tarquinn_simple_flora_water_e, layout_rooms,
          dreamdust_ecumenical_altar_statues
D:2:      layout_rooms
D:3:      layout_loops_cross, nicolae_elevator_lobby_asterisk
D:4:      layout_cave_pods, minmay_temple_entry_butterflies, serial_glass,
          glass_columns_b, glass_columns_b, hangedman_decor_peaks_small,
          hangedman_glass_teeth, hangedman_decor_push, grunt_ministairs_1,
          nicolae_shop_dragon_depot
Temple:   nicolae_temple_elliptical

Skill      XL: |  1  2  3  4 |
---------------+-------------+-----
Earth Magic    | 4 |  4.6
Transmutations | 2 |  2.7
Conjurations   | 1 |  1.9
Fighting       | 1 |  1.5
Dodging        | |  1.7
Stealth        | |  2.4
Spellcasting   | |  2.6

Action                     |  1- 3 |  4- 6 || total
---------------------------+-------+-------++-------
  Melee: Unarmed           |    15 |       ||    15
         Short sword       |    13 |       ||    13
         Trident           |       |    34 ||    34
   Cast: Sandblast         |    44 |    38 ||    82
    Use: Potion            |       |     4 ||     4
         Scroll            |       |     1 ||     1
   Stab: Sleeping          |     2 |     4 ||     6
 Armour: Robe              |    13 |    20 ||    33
  Dodge: Dodged            |    35 |    52 ||    87
